Map: Taito Citadel LE

Players

MasterDark - Winner!

  • Race: Protoss Protoss
  • Spawn Location: 11:00

AbdoTolba

  • Race: Zerg Zerg
  • Spawn Location: 5:00

VOD

Have the link to the VOD?

Description

Time

  • Played on: Nov. 29, 2025, 12:16 p.m.
  • Length: 43:33
Show
View Real Time Build Order
Export as new Build Order

MasterDark Protoss - Winner!

Build Orders:  

Get SALT Encoding   

  12  0:02  Probe  
  13  0:14  Probe  
  14  0:38  Probe  
  14  0:40  Pylon  
  15  0:57  Assimilator  
  15  0:58  Probe  
  15  1:03  Pylon  
  16  1:11  Pylon  
  16  1:25  Gateway  
  16  1:26  Forge  
  16  1:31  Gateway  
  16  1:35  Probe  
  17  1:47  Probe  
  17  2:00  Probe  
  18  2:08  Pylon  
  18  2:11  Pylon  
  18  2:12  Probe  
  19  2:16  Zealot  
  21  2:28  Photon Cannon  
  21  2:31  Photon Cannon  
  21  2:42  Pylon  
  20  3:12  Cybernetics Core  
  20  3:21  Photon Cannon  
  20  3:38  Nexus  
  20  3:39  Assimilator  
  20  3:40  Assimilator  
  20  3:49  Assimilator  
  20  4:01  Shield Battery  
  20  4:04  Probe  
  21  4:16  Probe  
  22  4:18  Stargate  
  22  4:27  Stalker  
  22  4:28  Probe, Warp Gate  
  23  4:31  Stalker  
  25  4:40  Probe  
  28  4:51  Probe  
  29  5:00  Probe  
  29  5:03  Probe  
  31  5:08  Probe  
  32  5:15  Probe  
  33  5:27  Fleet Beacon, Probe  
  34  5:34  Stargate  
  34  5:37  Probe  
  35  5:45  Probe  
  36  5:56  Probe  
  36  6:00  Twilight Council  
  37  6:08  Probe, Pylon  
  38  6:15  Pylon  
  38  6:18  Pylon  
  38  6:22  Pylon, Stalker x2  
  42  6:32  Tempest  
  46  6:44  Phoenix  
  48  7:09  Tempest  
  52  7:31  Probe  
  52  7:32  Stalker x2  
  57  7:39  Probe  
  58  7:49  Probe  
  57  8:00  Stalker x2  
  57  8:01  Probe  
  58  8:13  Probe  
  58  8:17  Charge  
  59  8:24  Zealot x2  
  63  8:41  Shield Battery  
  63  8:43  Shield Battery  
  63  8:45  Shield Battery  
  63  8:51  Stalker x2  
  67  9:04  Tempest  
  59  9:26  Zealot  
  53  9:43  Tempest  
  49  9:47  Tempest  
  53  9:52  Zealot  
  53  9:55  Unknown  
  53  9:57  Blink  
  43  10:27  Gateway  
  40  10:29  Gateway  
  40  10:36  Probe  
  40  10:40  Tempest x2  
  49  10:48  Probe  
  50  11:00  Probe  
  51  11:07  Gateway  
  51  11:10  Gateway  
  51  11:11  Gateway  
  51  11:12  Probe  
  51  11:14  Gateway  
  51  11:16  Gateway  
  51  11:18  Gateway  
  52  11:23  Tempest  
  52  11:24  Probe  
  57  12:29  Tempest x2  
  65  12:36  Zealot  
  67  12:37  Zealot x4  
  67  12:38  Zealot  
  67  12:39  Zealot x2  
  67  12:40  Zealot  
  83  13:00  Protoss Air Weapons Level 1  
  83  13:12  Tempest x2  
  87  13:41  Zealot  
  87  13:42  Zealot x2  
  89  13:55  Tempest  
  81  14:22  Gateway  
  79  14:33  Zealot x4  
  79  14:34  Zealot x2  
  83  15:05  Nexus  
  83  15:09  Protoss Air Armor Level 1  
  83  15:11  Zealot x3  
  83  15:12  Zealot  
  83  15:13  Zealot  
  93  15:22  Pylon  
  93  15:26  Pylon  
  93  15:29  Pylon  
  79  15:51  Forge  
  77  16:05  Zealot  
  77  16:06  Zealot x2  
  77  16:07  Zealot  
  77  16:08  Zealot x3  
  77  16:09  Zealot  
  85  16:30  Assimilator  
  85  16:32  Assimilator  
  81  16:56  Carrier  
  83  17:05  Carrier  
  83  17:06  Probe  
  90  17:34  Zealot  
  90  17:35  Zealot x3  
  90  17:36  Zealot  
  100  17:41  Protoss Shields Level 1  
  100  18:09  Templar Archives  
  100  18:34  Protoss Air Weapons Level 2  
  100  18:35  Tempest  
  100  18:38  Tempest  
  97  18:59  Probe  
  98  19:08  Probe  
  98  19:16  Probe  
  100  19:26  Probe  
  101  19:35  Probe  
  102  19:43  Probe  
  102  19:52  Probe  
  103  19:57  Nexus  
  104  20:00  Pylon  
  104  20:02  Pylon  
  104  20:04  Probe  
  104  20:05  Protoss Shields Level 2  
  105  20:16  Probe  
  106  20:35  Photon Cannon x2  
  106  20:37  Photon Cannon  
  106  20:40  Shield Battery  
  106  20:42  Shield Battery  
  106  20:47  Assimilator, Protoss Air Armor Level 2  
  106  20:49  Assimilator  
  106  21:05  Tempest  
  106  21:10  Tempest  
  114  21:26  Resonating Glaives  
  114  21:40  Robotics Facility  
  114  21:58  Carrier  
  120  22:07  Tempest  
  124  22:09  Probe  
  125  22:21  Probe  
  126  22:26  High Templar  
  126  22:28  High Templar  
  130  22:30  Psionic Storm  
  130  22:33  Probe  
  139  22:49  Stalker  
  139  22:51  Mothership, Stalker  
  143  22:53  Probe  
  144  23:04  Observer  
  145  23:22  Observer  
  145  23:25  Protoss Air Weapons Level 3  
  146  23:50  Probe  
  147  24:00  Probe  
  149  24:02  Probe  
  149  24:12  Probe  
  149  24:15  Probe  
  151  24:24  Probe  
  151  24:27  Probe  
  151  24:29  Tempest x2  
  161  24:32  Probe  
  162  24:39  Probe  
  162  24:40  Probe  
  162  24:44  Pylon  
  164  24:46  Pylon  
  164  24:48  Pylon  
  164  24:50  Pylon  
  164  25:02  Probe  
  165  25:12  Tempest  
  169  25:15  Probe  
  169  25:16  Carrier  
  176  25:21  Zealot x2  
  176  25:22  Zealot x2  
  176  25:23  Zealot x2  
  176  25:27  Probe  
  189  25:55  Carrier  
  195  26:23  Protoss Air Armor Level 3  
  173  27:27  Zealot x2  
  173  27:28  Zealot x2  
  173  27:29  Zealot  
  183  27:36  Protoss Shields Level 3  
  66  29:15  Tempest x2  
  64  29:20  Zealot x4  
  64  29:21  Zealot  
  64  29:22  Zealot  
  64  29:23  Zealot  
  78  29:35  Mothership  
  78  29:57  Tempest  
  78  29:58  Tempest  
  82  30:17  Zealot x2  
  82  30:18  Zealot x4  
  94  30:23  Protoss Ground Weapons Level 1  
  94  30:40  Tempest x2  
  102  30:50  Zealot  
  102  30:51  Zealot x3  
  102  30:52  Zealot x2  
  102  30:53  Zealot x2  
  80  31:16  Zealot x4  
  80  31:17  Zealot x2  
  80  31:18  Zealot x2  
  94  31:23  Tempest x2  
  84  31:42  Zealot  
  84  31:43  Zealot x4  
  84  31:44  Zealot x2  
  84  31:45  Zealot  
  92  31:52  Observer  
  71  31:54  Zealot x2  
  71  31:55  Zealot x4  
  71  31:56  Zealot x2  
  85  32:06  Tempest x2  
  93  32:18  Pylon  
  93  32:20  Pylon  
  93  32:24  Protoss Ground Armor Level 1  
  93  32:55  Photon Cannon  
  93  32:56  Photon Cannon  
  93  32:57  Nexus  
  93  32:58  Photon Cannon  
  93  33:00  Photon Cannon  
  93  33:02  Shield Battery  
  93  33:04  Shield Battery  
  93  33:06  Shield Battery  
  93  33:07  Probe  
  94  33:25  Pylon  
  94  33:29  Pylon  
  94  33:31  Pylon  
  94  33:37  Assimilator  
  94  33:39  Assimilator  
  86  33:51  Zealot  
  86  33:52  Zealot x3  
  86  33:53  Zealot  
  80  34:25  Zealot x2  
  80  34:26  Zealot x4  
  80  34:27  Zealot x2  
  80  34:30  Mothership  
  88  34:45  Probe  
  89  34:53  Probe  
  88  35:02  Probe  
  85  35:14  Probe  
  85  35:17  Zealot x3  
  85  35:18  Zealot x2  
  85  35:19  Zealot  
  85  35:21  Zealot x2  
  100  35:26  Probe  
  101  35:55  Protoss Ground Weapons Level 2  
  75  36:43  Zealot  
  75  36:44  Zealot x5  
  75  36:45  Zealot  
  75  36:46  Zealot  
  91  37:04  Robotics Bay  
  91  37:07  Dark Shrine  
  91  37:13  Zealot x3  
  91  37:15  Zealot x2  
  101  37:16  Zealot  
  101  37:19  High Templar x2  
  103  37:48  Carrier x2  
  115  38:14  Sentry  
  115  38:15  Sentry x3  
  115  38:19  High Templar, Protoss Ground Armor Level 2  
  125  38:20  High Templar x2  
  125  38:21  High Templar  
  117  38:53  Carrier x2  
  99  39:00  Dark Templar x3  
  99  39:01  Dark Templar x2  
  99  39:02  Dark Templar x2  
  91  39:21  Zealot  
  81  39:49  Zealot x2  
  81  39:50  Zealot x3  
  81  39:51  Zealot  
  93  39:56  Tempest  
  93  39:57  Tempest  
  101  40:39  Tempest x2  
  109  40:57  Zealot x4  
  109  40:58  Zealot x4  
  113  41:22  Tempest  
  109  42:34  Zealot x3  
  109  42:35  Zealot  
  109  42:36  Zealot x3  
  123  42:37  Zealot  
Show
View Real Time Build Order
Export as new Build Order

AbdoTolba Zerg 

Build Orders: Pool First 

Get SALT Encoding   

  12  0:18  Spawning Pool  
  11  0:22  Drone  
  12  0:40  Drone x2  
  14  0:47  Overlord  
  14  0:53  Overlord  
  14  1:05  Zergling x2  
  14  1:11  Queen  
  15  1:17  Extractor  
  16  1:22  Zergling x2  
  17  1:46  Queen  
  19  2:06  Zergling x6  
  22  2:22  Queen  
  24  2:46  Drone x3  
  25  3:20  Hatchery, Roach Warren  
  25  3:26  Zergling x4  
  25  3:27  Zergling x2  
  26  3:40  Drone, Extractor  
  26  3:56  Overlord x3  
  26  4:02  Drone  
  27  4:33  Metabolic Boost  
  27  4:35  Drone x4  
  27  4:36  Drone x2  
  33  5:05  Roach x2  
  33  5:06  Roach x3  
  43  5:14  Drone x3  
  43  5:20  Drone  
  47  5:22  Drone  
  47  5:23  Drone  
  49  5:31  Lair  
  49  5:38  Ravager x2  
  51  5:48  Ravager  
  52  6:06  Drone x4  
  52  6:09  Ravager  
  57  6:14  Spore Crawler  
  57  6:15  Ravager  
  57  6:20  Zergling x4  
  57  6:23  Overlord x3  
  57  6:24  Overlord x2  
  53  7:29  Roach  
  61  7:30  Roach x9  
  67  8:16  Zergling x2  
  67  8:17  Zergling x16  
  76  8:21  Ravager  
  76  8:22  Ravager x4  
  81  8:41  Extractor  
  81  8:42  Drone  
  81  8:43  Drone x4, Extractor  
  81  8:48  Queen  
  84  9:23  Queen  
  75  9:36  Roach  
  75  9:37  Roach x7  
  63  10:28  Spire  
  63  10:31  Roach  
  63  10:32  Roach x9  
  82  10:38  Ravager  
  82  10:39  Ravager  
  84  10:48  Drone x2  
  86  10:50  Drone  
  86  10:51  Overlord x2  
  87  10:57  Ravager x2  
  89  11:18  Hatchery  
  87  11:26  Spore Crawler  
  84  11:33  Queen  
  84  11:40  Corruptor x3  
  84  11:41  Corruptor  
  85  11:54  Ravager x2  
  76  12:04  Queen  
  75  12:09  Queen  
  75  12:12  Spore Crawler  
  75  12:15  Spore Crawler  
  73  12:27  Corruptor  
  73  12:28  Corruptor x2  
  79  12:40  Queen  
  79  12:43  Drone x2  
  79  12:44  Drone x7  
  86  12:45  Drone x7  
  96  12:53  Ravager x3  
  99  13:04  Queen x2  
  103  13:16  Queen, Ravager x3  
  108  13:27  Roach x4  
  95  13:49  Roach  
  95  13:50  Roach x6  
  78  14:18  Roach x5  
  78  14:19  Roach x3  
  74  14:35  Zerg Flyer Weapons Level 1  
  74  14:37  Drone  
  74  14:38  Drone x4  
  66  15:06  Queen x2  
  68  15:12  Hatchery  
  69  15:37  Hydralisk Den  
  60  15:43  Queen x2  
  62  16:11  Hydralisk x7  
  71  17:30  Hatchery  
  71  17:34  Hatchery  
  33  18:58  Drone  
  33  18:59  Drone x6  
  33  19:00  Drone x3  
  33  19:02  Drone x2  
  41  19:21  Overlord  
  41  19:31  Grooved Spines  
  41  19:42  Extractor  
  41  19:44  Extractor  
  39  19:48  Drone  
  39  19:49  Drone x2  
  39  19:50  Drone  
  39  19:52  Drone  
  44  19:53  Drone  
  45  20:03  Queen  
  47  20:21  Muscular Augments  
  47  20:28  Infestation Pit  
  46  20:40  Queen  
  48  20:49  Spore Crawler  
  47  20:51  Drone  
  47  20:52  Drone x11  
  59  21:06  Hatchery  
  58  21:14  Hive  
  58  21:18  Drone x7  
  59  21:19  Drone x2  
  67  21:26  Queen  
  67  21:29  Overlord  
  69  21:45  Lair  
  69  22:00  Hatchery  
  68  22:02  Queen  
  70  22:21  Extractor  
  69  22:23  Drone x3, Extractor  
  69  22:24  Drone  
  69  22:25  Drone x2  
  69  22:27  Drone x2  
  69  22:28  Drone x5  
  81  22:30  Drone x4  
  81  22:31  Drone x3  
  88  22:40  Queen x3  
  94  23:09  Viper x6  
  94  23:10  Viper x2  
  118  23:15  Queen  
  118  23:16  Queen  
  122  23:40  Queen  
  124  23:42  Drone x5  
  124  23:46  Extractor  
  128  23:49  Extractor  
  127  24:14  Drone x3  
  127  24:15  Drone x3, Queen  
  135  24:29  Hydralisk x4  
  135  24:30  Hydralisk x2  
  147  24:33  Overlord x4  
  147  24:34  Overlord x7  
  147  24:35  Overlord x7  
  147  24:36  Overlord  
  147  24:52  Burrow  
  147  24:53  Drone x7  
  147  24:54  Drone  
  147  24:56  Extractor  
  147  24:57  Drone x2  
  147  24:58  Drone x2, Extractor  
  157  25:01  Drone x2  
  157  25:02  Queen x3  
  157  25:03  Queen  
  167  25:38  Queen  
  169  25:58  Pneumatized Carapace  
  169  26:02  Glial Reconstitution  
  162  26:14  Unknown  
  162  26:17  Hydralisk x16  
  162  26:18  Hydralisk x4  
  199  26:23  Drone x8  
  199  26:39  Hatchery  
  193  26:52  Hydralisk x10  
  184  27:02  Drone x9  
  184  27:03  Drone x3  
  184  27:21  Tunneling Claws  
  184  27:22  Drone x2  
  186  27:23  Drone  
  186  27:24  Drone  
  186  27:26  Hydralisk  
  186  27:27  Hydralisk x5  
  129  29:13  Hydralisk  
  129  29:14  Hydralisk x24  
  129  29:15  Hydralisk x15  
  196  29:27  Hydralisk x2  
  196  29:52  Hatchery  
  182  30:18  Hydralisk x9  
  200  30:23  Queen x2  
  164  31:29  Drone x3  
  164  31:30  Drone x4  
  129  31:52  Queen x3  
  101  32:09  Queen x2  
  101  32:10  Queen x3  
  95  32:54  Hydralisk x6  
  95  32:55  Hydralisk x27  
  161  32:59  Hatchery  
  161  33:04  Queen  
  161  33:05  Queen x5  
  172  33:40  Queen  
  158  34:06  Hydralisk x4  
  152  34:16  Hydralisk  
  144  34:17  Hydralisk x21  
  144  34:18  Hydralisk x4  
  156  35:01  Hatchery  
  147  35:11  Hydralisk  
  147  35:12  Hydralisk x14  
  147  35:13  Hatchery  
  151  35:30  Queen x3  
  145  35:44  Viper  
  145  35:45  Viper x5  
  145  35:46  Viper  
  142  36:05  Queen  
  102  37:23  Hydralisk x14  
  102  37:24  Hydralisk x25  
  177  37:55  Drone x3  
  180  38:18  Hatchery  
  179  38:26  Hatchery  
  132  39:18  Drone x3  
  85  39:40  Hydralisk x7  
  85  39:41  Hydralisk x15  
  105  39:54  Viper x2  
  105  39:55  Viper x2  
  117  40:02  Drone x3  
  120  40:16  Queen x10  
  120  40:22  Drone x2  
  120  40:23  Drone  
  120  40:28  Hydralisk x10  
  115  40:32  Overseer x3  
  56  41:21  Hydralisk, Viper  
  56  41:22  Hydralisk x6  
  56  41:23  Hydralisk  
  67  41:38  Hydralisk x3  
  59  41:47  Hydralisk x2  
  59  41:56  Drone x3  
  59  41:57  Queen  
  49  42:47  Hatchery  
  35  42:58  Drone x2  
  35  42:59  Drone  
Tags
 
Add a new tag
Caveats
  • Supply blocks, unpowered buildings, or Contaminate may cause inaccurate times.
  • Supply counts are checked every 10 seconds.